 Dungeon Crawl Stone Soup version 0.28.0-47-ge53b351184 (webtiles) character file.

Game seed: 16463330184100108961

48 101zpm the Magician (level 4, -1/31 HPs)
             Began as a Djinni Fire Elementalist on May 4, 2022.
             Slain by an orc
             ... wielding a +0 vorpal falchion
              (3 damage)
             ... on level 3 of the Dungeon.
             The game lasted 00:02:14 (2782 turns).

101zpm the Magician (Djinni Fire Elementalist)      Turns: 2782, Time: 00:02:15

Health: -1/31      AC:  2    Str:  7    XL:     4   Next: 0%
Gold:   56         EV: 12    Int: 19    God:
                   SH:  0    Dex: 13

rFire   + + .      SeeInvis .   (no weapon)
rCold   x . .      Faith    .   (no shield)
rNeg    . . .      Spirit   .   a - +0 robe
rPois   ∞          Reflect  .   (no helmet)
rElec   .          Harm     .   (no cloak)
rCorr   .          Rampage  .   (no gloves)
Will    .....                   (boots unavailable)
Stlth   ++........              (no amulet)
HPRegen 0.10/turn               (no ring)
MPRegen 0.00/turn               (no ring)

@: flying
A: sickness immunity, fire resistance 2, cold vulnerability 1, float, innate
caster, HP casting, extra vitality 1
a: no special abilities


You were on level 3 of the Dungeon.
You visited 1 branch of the dungeon, and saw 4 of its levels.

You collected 56 gold pieces.

Inventory:

Missiles
 h - a throwing net
Armour
 a - a +0 robe (worn)
Scrolls
 b - a scroll of teleportation
 c - a scroll of magic mapping {unknown}
 d - a scroll of summoning {unknown}
 f - a scroll of identify {unknown}
 g - a scroll of enchant armour {unknown}
 j - 2 scrolls of amnesia {unknown}
Potions
 e - a potion of might {unknown}
 i - a potion of curing {unknown}


   Skills:
 + Level 2.3 Dodging
 + Level 1.9 Stealth
 + Level 3.4 Spellcasting


You couldn't memorise any spells.
You knew the following spells:

 Your Spells              Type           Power      Damage    Failure   Level
a - Foxfire               Conj/Fire      64%        2x1d7     3%          1
b - Scorch                Fire           32%        2d7       5%          2
c - Conjure Flame         Conj/Fire      16%        6-21      11%         3
d - Inner Flame           Hex/Fire       16%        N/A       11%         3
e - Flame Wave            Conj/Fire      16%        2d6       34%         4
f - Beastly Appendage     Tmut           32%        N/A       3%          1
Your spell library was empty.

Dungeon Overview and Level Annotations

Branches:
Dungeon (4/15)
 Temple: D:4-7

Altars:
Kikubaaqudgha


Innate Abilities, Weirdness & Mutations

You are immune to sickness and miasma.
You are immune to poison.
Your flesh is very heat resistant. (rF++)
You are vulnerable to cold. (rC-)
You float through the air rather than walking.
You learn spells naturally, not from books.
Your magical power is your life essence.
You have superior vitality. (+4 MHP)


Message History

The jackal bites you.
* * * LOW HITPOINT WARNING * * *
The jackal stops to sniff the ground.
The jackal bites you but does no damage.
The jackal closely misses you.
The jackal bites you but does no damage.
The jackal misses you.
As you read the scroll labelled CUSKIOKUPP, it crumbles to dust.
You feel strangely unstable.
It was a scroll of teleportation.
The jackal closely misses you. x2; The jackal bites you.
* * * LOW HITPOINT WARNING * * *
The jackal misses you. The jackal barely misses you.
Your surroundings suddenly seem different. 4 orcs come into view.
An orc is wielding a +0 vorpal falchion.
Found a scroll labelled SAMIGAPIET and 15 stones.
Found a stone staircase leading up.
The orc shouts! x3
Unknown command.
Casting: Scorch (safe; 5% risk of failure)
Confirm with . or Enter, or press ? or * to list all spells.
Flames lash the orc.
The orc is heavily wounded.
The orc's fire resistance burns away.
* * * LOW HITPOINT WARNING * * *
Unknown command.
Unknown command.
The orc closely misses you.
There is a stone staircase leading up here.
The orc is no longer more vulnerable to fire.
You fly upwards.
You hear the sound of rushing water.
There is an entrance to a sewer on this level.
Hurry and find it before the portal rusts away!
Found a stone staircase leading up.
There is a stone staircase leading down here.
There is a stone staircase leading up here.
The goblin shouts!
The orc hits you with a +0 vorpal falchion.
You die...

# #......#
#.#..#.#.#
#.#......
#.......##
#........#
#........####
#.#............
#....o@...#
#....>...#....
#.....g....# #
..#........#
#........#
#.#.......# #
#########


You could see an orc and a goblin.

Vanquished Creatures
  An adder (D:2)
  A worm (D:2)
  A dart slug (D:1)
  An orc (D:2)
  5 bats
  4 endoplasms
  3 giant cockroaches (D:1)
  2 goblins
  5 hobgoblins
  4 jackals
  A rat (D:2)
28 creatures vanquished.

Vanquished Creatures (others)
  188 foxfires
188 creatures vanquished.

Grand Total: 216 creatures vanquished

Notes
Turn   | Place    | Note
-------+----------+-------------------------------------------
     0 | D:1      | 101zpm the Djinni Fire Elementalist began the quest for the
                  | Orb.
     0 | D:1      | Reached XP level 1. HP: 15/15 MP: 0/0
   443 | D:1      | Reached XP level 2. HP: 17/21 MP: 0/0
  1329 | D:1      | Reached skill level 3 in Spellcasting
  1544 | D:2      | Reached XP level 3. HP: 20/25 MP: 0/0
  1544 | D:2      | Learned a level 1 spell: Beastly Appendage
  2660 | D:2      | Reached XP level 4. HP: 27/31 MP: 0/0
  2738 | D:2      | You are sucked into a shaft and drop 2 floors!
  2738 | D:4      | Noticed an ogre
  2761 | D:4      | Noticed an ogre
  2782 | D:3      | Slain by an orc

Illustrated notes

Levels and vault maps discovered:
D:1:      dpeg_arrival_water_temple_mockup, layout_basic
D:2:      minmay_inner_zag, layout_loops_cross, basic_altar, uniq_sigmund,
          uniq_natasha
D:3:      wad_crossroads, layout_basic, ebering_ecumenical_altar_box,
          gup_sewer_entry_spiral, serial_glass, glass_columns_a,
          glass_columns_b, glass_columns_a, glass_columns_a, glass_columns_b,
          glass_columns_a, nrook_mini_vaults, minmay_misc_feat_enclosed,
          corexii_item_surrounded_by_moat, uniq_crazy_yiuf_cottage
D:4:      layout_gridville, trog_book

Skill      XL: |  1  2 |
---------------+-------+-----
Spellcasting   | 3 |  3.4
Dodging        | |  2.3
Stealth        | |  1.9

Action                   |  1- 3 |  4- 6 || total
-------------------------+-------+-------++-------
Melee: Unarmed           |     1 |       ||     1
 Cast: Foxfire           |   126 |     6 ||   132
       Scorch            |       |     2 ||     2
  Use: Scroll            |       |     1 ||     1
Armor: Robe              |       |     4 ||     4
Dodge: Dodged            |     4 |    13 ||    17
